 Dungeon Crawl Stone Soup version 0.29.1-1-gd02db6906a (webtiles) character file.

Game seed: 3193633351365232247

149 EvilAshe the Ducker (level 5, -1/43 HPs)
             Began as a Gnoll Gladiator on Sept 21, 2022.
             Slain by an orc
             ... wielding a +0 mace
              (4 damage)
             ... on level 4 of the Dungeon.
             The game lasted 00:06:55 (3309 turns).

EvilAshe the Ducker (Gnoll Gladiator)               Turns: 3309, Time: 00:06:56

Health: -1/43      AC:  4    Str: 15    XL:     5   Next: 31%
Magic:  7/7        EV: 14    Int:  8    God:
Gold:   297        SH:  0    Dex: 13    Spells: 7/7 levels left

rFire   . . .      SeeInvis .   a - +0 flail
rCold   . . .      Faith    .   (no shield)
rNeg    . . .      Spirit   .   l - +0 leather armour
rPois   .          Reflect  .   c - +0 helmet
rElec   .          Harm     .   (no cloak)
rCorr   .          Rampage  .   (no gloves)
Will    .....                   (no boots)
Stlth   ++........              (no amulet)
HPRegen 0.14/turn               (no ring)
MPRegen 0.10/turn               (no ring)

@: no status effects
A: fangs 1, strong nose, distributed training
a: no special abilities


You were on level 4 of the Dungeon.
You visited 1 branch of the dungeon, and saw 5 of its levels.

You collected 297 gold pieces.

Inventory:

Hand Weapons
 a - a +0 flail (weapon)
 b - a +0 sling
Missiles
 d - 3 throwing nets
 e - 5 javelins (quivered)
 h - 41 stones
 r - 5 poisoned darts
Armour
 c - a +0 helmet (worn)
 l - a +0 leather armour (worn)
Jewellery
 k - a ring of fire
Scrolls
 f - a scroll of identify {unknown}
 i - 2 scrolls of amnesia {unknown}
 n - a scroll of enchant armour {unknown}
 o - a scroll of vulnerability {unknown}
 q - a scroll of fear {unknown}
 u - a scroll of silence {unknown}
 v - a scroll of teleportation {unknown}
Potions
 g - 2 potions of curing {unknown}
 j - a potion of haste {unknown}
 m - a potion of berserk rage {unknown}
 p - a potion of flight {unknown}
 s - a potion of might {unknown}
 t - 2 potions of degeneration {unknown}


   Skills:
 + Level 4.8 Fighting
 + Level 1.5 Short Blades
 + Level 1.5 Long Blades
 + Level 1.5 Axes
 + Level 6.7 Maces & Flails
 + Level 1.5 Polearms
 + Level 1.5 Staves
 + Level 1.5 Ranged Weapons
 + Level 4.8 Throwing
 + Level 1.5 Armour
 + Level 6.7 Dodging
 + Level 1.5 Stealth
 + Level 1.5 Shields
 + Level 1.5 Unarmed Combat
 + Level 1.5 Spellcasting
 + Level 1.2 Conjurations
 + Level 1.2 Hexes
 + Level 1.2 Summonings
 + Level 1.2 Necromancy
 + Level 1.2 Translocations
 + Level 1.2 Transmutations
 + Level 1.2 Fire Magic
 + Level 1.2 Ice Magic
 + Level 1.2 Air Magic
 + Level 1.2 Earth Magic
 + Level 1.2 Poison Magic
 + Level 1.7 Invocations
 + Level 1.5 Evocations


You had 7 spell levels left.
You didn't know any spells.
Your spell library contained the following spells:

 Spells                   Type           Power      Damage    Failure   Level
 Magic Dart               Conj           8%         1d3       28%         1
 Call Imp                 Summ           2%         N/A       38%         2
 Mephitic Cloud           Conj/Pois/Air  2%         N/A       63%         3


Dungeon Overview and Level Annotations

Branches:
Dungeon (5/15)
 Temple: D:4-7

Altars:
Uskayaw

Annotations:
D:4 2 transporters


Innate Abilities, Weirdness & Mutations

You have very sharp teeth.
Your uncanny sense of smell can sniff out nearby items.
Your experience applies equally to all skills.


Message History

The puff of flame hits you!
Things that are here:
a +0 mace; an orc corpse Something hits you but does no damage.
You miss something.
The orc shouts!
You hear a shout!
An orc comes into view. It is wielding a +3 vorpal falchion.
Something hits you.
You barely miss something. The orc barely misses you. Something hits you.
The orc misses you. Something hits you but does no damage.
Things that are here:
a +0 mace; an orc corpse The orc attacks as you move away!
The orc hits you with a +0 mace.
You barely miss the orc. The orc closely misses you.
You hit the orc but do no damage. The orc closely misses you.
You hit the orc.
The orc is almost dead.
The orc hits you with a +0 mace.
You closely miss the orc.
The orc is almost dead.
The orc hits you with a +0 mace.
You hit the orc but do no damage. You bite the orc.
You kill the orc!
The orc attacks as you move away! The orc closely misses you.
An orc wizard appears from thin air!
Reactivating autopickup.
The orc attacks as you move away! The orc misses you.
The orc attacks as you move away! The orc hits you with a +0 mace.
The orc attacks as you move away! The orc hits you but does no damage.
The orc wizard gestures wildly while chanting.
The orc wizard flickers and vanishes!
Deactivating autopickup; reactivate with Ctrl-A.
The orc attacks as you move away!
The orc hits you with a +3 vorpal falchion.
* * * LOW HITPOINT WARNING * * *
x2 The orc attacks as you move away!
The orc hits you with a +0 mace.
* * * LOW HITPOINT WARNING * * *
Okay, then.
The orc attacks as you move away! The orc hits you with a +0 mace.
You die...

###########
#.......[.# ###
#.#######.#
#########.# #.# #.#
#<........# #.# #.#
#########.# #.# #.#
#.###.# #.#### #@#>#.#
#.#...
#o#...#######.#...
#####o#.........#.#...
#.....#...........#...
#.#####.#.#####..)'...
#...{......# #.###...
#######....####.# #...
#.......#.###...
#..........).###


You could see 2 orcs.

Vanquished Creatures
  A hound (D:4)
  3 adders
  6 dart slugs
  3 orcs
  2 ball pythons
  8 endoplasms
  2 giant cockroaches
  6 goblins
  10 hobgoblins
  3 jackals (D:3)
  10 kobolds
  6 quokkas
  2 bats
  2 frilled lizards
  6 rats
70 creatures vanquished.

Notes
Turn   | Place    | Note
-------+----------+-------------------------------------------
     0 | D:1      | EvilAshe the Gnoll Gladiator began the quest for the Orb.
     0 | D:1      | Reached XP level 1. HP: 20/20 MP: 1/1
   211 | D:1      | Reached XP level 2. HP: 24/26 MP: 2/2
   838 | D:1      | Reached XP level 3. HP: 31/31 MP: 3/3
  1195 | D:2      | Reached skill level 1 in Invocations
  1228 | D:3      | Reached skill level 1 in Short Blades
  1228 | D:3      | Reached skill level 1 in Long Blades
  1228 | D:3      | Reached skill level 1 in Axes
  1228 | D:3      | Reached skill level 1 in Polearms
  1228 | D:3      | Reached skill level 1 in Staves
  1228 | D:3      | Reached skill level 1 in Ranged Weapons
  1228 | D:3      | Reached skill level 1 in Armour
  1228 | D:3      | Reached skill level 1 in Stealth
  1228 | D:3      | Reached skill level 1 in Shields
  1228 | D:3      | Reached skill level 1 in Unarmed Combat
  1228 | D:3      | Reached skill level 1 in Spellcasting
  1228 | D:3      | Reached skill level 1 in Evocations
  1542 | D:2      | Reached XP level 4. HP: 38/38 MP: 5/5
  1702 | D:3      | Noticed an ogre
  1788 | D:2      | Reached skill level 1 in Conjurations
  1788 | D:2      | Reached skill level 1 in Hexes
  1788 | D:2      | Reached skill level 1 in Summonings
  1788 | D:2      | Reached skill level 1 in Necromancy
  1788 | D:2      | Reached skill level 1 in Translocations
  1788 | D:2      | Reached skill level 1 in Transmutations
  1788 | D:2      | Reached skill level 1 in Fire Magic
  1788 | D:2      | Reached skill level 1 in Ice Magic
  1788 | D:2      | Reached skill level 1 in Air Magic
  1788 | D:2      | Reached skill level 1 in Earth Magic
  1788 | D:2      | Reached skill level 1 in Poison Magic
  2480 | D:3      | Found a hide-covered altar of Uskayaw.
  2738 | D:4      | Reached XP level 5. HP: 19/43 MP: 7/7
  3051 | D:5      | Entered Level 5 of the Dungeon
  3062 | D:4      | Found a transporter.
  3075 | D:4      | Noticed an ogre
  3252 | D:4      | Found a transporter.
  3305 | D:4      | HP: 2/43 [orc/+0 mace (6)]
  3309 | D:4      | Slain by an orc

Illustrated notes

Levels and vault maps discovered:
D:1:      dpeg_arrival_solitude, layout_loops_ring
D:2:      layout_basic
D:3:      cheibrodos_thug_alley, layout_basic, amcnicky_altar_gilded,
          mainiacjoe_overflow_swirl
D:4:      gammafunk_steamed_eel, layout_basic
D:5:      layout_basic, minmay_temple_entry_glass, interstate_on_off,
          minivault_27, minivault_23, minmay_ogre_servants

Skill      XL: |  1  2  3  4 |
---------------+-------------+-----
Invocations    | 1 |  1.7
Short Blades   | 1 |  1.5
Long Blades    | 1 |  1.5
Axes           | 1 |  1.5
Polearms       | 1 |  1.5
Staves         | 1 |  1.5
Ranged Weapons | 1 |  1.5
Armour         | 1 |  1.5
Stealth        | 1 |  1.5
Shields        | 1 |  1.5
Unarmed Combat | 1 |  1.5
Spellcasting   | 1 |  1.5
Evocations     | 1 |  1.5
Conjurations   | 1 |  1.2
Hexes          | 1 |  1.2
Summonings     | 1 |  1.2
Necromancy     | 1 |  1.2
Translocations | 1 |  1.2
Transmutations | 1 |  1.2
Fire Magic     | 1 |  1.2
Ice Magic      | 1 |  1.2
Air Magic      | 1 |  1.2
Earth Magic    | 1 |  1.2
Poison Magic   | 1 |  1.2
Fighting       | |  4.8
Maces & Flails | |  6.7
Throwing       | |  4.8
Dodging        | |  6.7

Action                   |  1- 3 |  4- 6 || total
-------------------------+-------+-------++-------
Melee: Flail             |   106 |   121 ||   227
       Bite              |    14 |    10 ||    24
       Punch             |       |     2 ||     2
 Fire: Sling             |     3 |       ||     3
Throw: Dart              |     5 |       ||     5
 Stab: Sleeping          |     2 |     1 ||     3
Armor: Leather armour    |    21 |    17 ||    38
Dodge: Dodged            |    64 |    66 ||   130
